AoeStats
← Tobunga

Black Forest

504088792Analyzed
4v4 RM · 29d ago on Sep 3, 2026· 87m 48s· 8 players
Game mode
Random Map
Map size
Large (8 player)
Population
200
Speed
Normal
Resources
Standard
Victory
Conquest
Starting age
Dark Age
Ending age
Imperial Age
RankedLock teamsTeams togetherTeam positionsShared explorationLock speedFull tech treeHidden civsTurbo modeCheats
Victory
Defeat
🇵🇱 Italians · Poland
1088
+12
🇨🇭 Goths · Switzerland
1053
+14
🇲🇽 Huns · Mexico
1030
+15
🇵🇱 Georgians · Poland
976
+17
🇩🇪 Vietnamese · Germany
1052
-17
🇩🇪 Mongols · Germany
1045
-16
🇩🇪 Maya · Germany
976
-13
🇩🇪 Britons · Germany
947
-12
Mebossmer
5:22 Loom
9:20 Feudal Age
12:27 Wheelbarrow
12:08 Double-Bit Axe
12:20 Man-at-Arms
18:05 Horse Collar
22:19 Castle Age
20:53 Forging
20:53 Padded Archer Armor
21:21 Stone Mining
22:48 Crossbowman
25:03 Hand Cart
26:48 Bow Saw
27:56 Gold Mining
31:14 Heavy Plow
34:07 Gold Shaft Mining
34:07 Leather Archer Armor
37:39 Imperial Age
37:05 Long Swordsman
37:53 Two-Handed Swordsman
40:52 Champion
43:39 Squires
43:55 Forging
52:31 Iron Casting
56:47 Elite Skirmisher
57:52 Elite Skirmisher
59:24 Imperial Skirmisher
Spongeleon ッ
11:46 Feudal Age
12:47 Double-Bit Axe
17:18 Castle Age
16:00 Gold Mining
17:13 Scale Mail Armor
17:09 Horse Collar
18:32 Wheelbarrow
18:40 Forging
19:29 Eagle Warrior
28:15 Heavy Plow
31:05 Hand Cart
33:33 Imperial Age
33:25 Pikeman
34:22 Chain Mail Armor
34:42 Iron Casting
34:28 Elite Eagle Warrior
41:22 Plate Mail Armor
41:53 Blast Furnace
40:47 Man-at-Arms
42:47 Halberdier
44:59 Holcans
46:00 Hul'che Javelineers
47:36 Guilds
49:13 Caravan
49:47 Elite Plumed Archer
52:23 Coinage
54:13 Elite Skirmisher
55:31 Padded Archer Armor
55:21 Fletching
55:49 Imperial Skirmisher
Tobunga
11:06 Feudal Age
12:28 Loom
15:05 Castle Age
13:03 Double-Bit Axe
14:46 Horse Collar
15:15 Fletching
15:53 Padded Archer Armor
17:37 Bow Saw
21:44 Crossbowman
26:55 Bodkin Arrow
30:22 Heavy Plow
30:59 Wheelbarrow
34:02 Imperial Age
34:04 Leather Archer Armor
34:03 Thumb Ring
35:47 Arbalester
39:58 Bracer
40:29 Ring Archer Armor
39:32 Pikeman
40:59 Halberdier
41:52 Forging
42:17 Ballistics
43:25 Iron Casting
42:52 Scale Mail Armor
44:38 Chain Mail Armor
47:26 Hand Cart
48:25 Chemistry
47:59 Plate Mail Armor
47:41 Squires
48:53 Siege Engineers
57:52 Paper Money
57:45 Elite Skirmisher
65:15 Imperial Skirmisher
GenosseFelix
9:54 Feudal Age
10:15 Horse Collar
10:22 Double-Bit Axe
18:13 Castle Age
17:47 Scale Barding Armor
19:18 Bloodlines
19:59 Wheelbarrow
19:12 Loom
19:30 Husbandry
19:23 Fletching
19:48 Forging
22:37 Chain Barding Armor
23:28 Stone Mining
27:15 Heavy Plow
31:13 Imperial Age
29:24 Iron Casting
29:33 Light Cavalry
30:24 Bloodlines
31:20 Elite Steppe Lancer
31:27 Capped Ram
32:32 Drill
34:58 Blast Furnace
45:55 Siege Ram
57:36 Elite Skirmisher
59:00 Imperial Skirmisher
68:40 Chemistry
76:56 Padded Archer Armor
Xemcio
1:56 Loom
13:34 Feudal Age
15:19 Double-Bit Axe
18:11 Wheelbarrow
17:54 Gold Mining
20:18 Castle Age
19:43 Stone Mining
25:21 Fletching
31:29 Bow Saw
31:27 Horse Collar
41:46 Hand Cart
45:38 Bloodlines
49:50 Imperial Age
52:26 Imperial Age
63:07 Conscription
70:58 Elite Monaspa
71:09 Onager
72:58 Town Watch
72:51 Siege Onager
74:12 Caravan
74:22 Siege Engineers
75:20 Chemistry
dafr1997
1:35 Loom
13:16 Feudal Age
15:45 Town Watch
18:11 Castle Age
18:15 Fletching
19:28 Padded Archer Armor
27:05 Double-Bit Axe
29:25 Ballistics
29:54 Elite Skirmisher
30:53 Leather Archer Armor
32:56 Bodkin Arrow
35:21 Wheelbarrow
36:42 Thumb Ring
37:30 Hand Cart
42:37 Imperial Age
40:09 Town Patrol
41:54 Forging
41:50 Scale Barding Armor
41:58 Bloodlines
41:49 Husbandry
41:10 Light Cavalry
42:30 Horse Collar
44:49 Conscription
46:11 Parthian Tactics
46:40 Pikeman
47:20 Squires
48:37 Hussar
50:54 Heavy Plow
52:23 Iron Casting
52:09 Chain Barding Armor
53:56 Capped Ram
55:28 Siege Ram
59:34 Caravan
60:19 Bracer
61:45 Plate Barding Armor
61:37 Bow Saw
65:32 Blast Furnace
65:36 Heavy Cavalry Archer
70:01 Two-Man Saw
69:07 Scale Mail Armor
73:04 Guilds
73:11 Guilds
73:32 Coinage
75:52 Chemistry
74:49 Murder Holes
75:05 Masonry
80:51 Spies/Treason
kubeszek
5:52 Loom
11:21 Feudal Age
11:47 Horse Collar
11:53 Double-Bit Axe
12:38 Gold Mining
17:37 Castle Age
19:53 Wheelbarrow
20:05 Heavy Plow
20:19 Bow Saw
23:01 Elite Skirmisher
25:36 Fletching
28:09 Hand Cart
32:59 Imperial Age
32:18 Padded Archer Armor
32:13 Bodkin Arrow
32:15 Town Watch
32:44 Scale Barding Armor
33:34 Leather Archer Armor
34:26 Bloodlines
35:49 Chemistry
34:14 Capped Ram
36:22 Conscription
36:10 Bracer
35:53 Treadmill Crane
36:23 Husbandry
37:08 Ballistics
38:06 Two-Man Saw
36:33 Cavalier
37:39 Forging
39:00 Chain Barding Armor
39:37 Iron Casting
41:51 Plate Barding Armor
42:21 Ring Archer Armor
42:52 Blast Furnace
42:56 Caravan
43:07 Guilds
46:54 Fortified Wall
47:04 Bombard Tower
46:28 Man-at-Arms
47:09 Squires
47:10 Scale Mail Armor
47:42 Thumb Ring
47:40 Long Swordsman
48:37 Chain Mail Armor
48:52 Ring Archer Armor
48:43 Guard Tower
48:40 Arrowslits
48:40 Two-Handed Swordsman
51:16 Plate Mail Armor
51:01 Masonry
50:23 Champion
50:35 Pikeman
51:50 Town Patrol
52:25 Crossbowman
56:02 Architecture
55:53 Arbalester
72:22 Light Cavalry
74:24 Hussar
Salmanassar V
10:18 Feudal Age
17:29 Castle Age
16:28 Double-Bit Axe
18:57 Wheelbarrow
19:01 Horse Collar
19:44 Heavy Plow
24:57 Gold Mining
29:16 Hand Cart
31:42 Imperial Age
29:01 Loom
29:28 Squires
29:32 Scale Mail Armor
29:58 Forging
30:13 Anarchy
30:51 Chain Mail Armor
30:52 Bow Saw
30:12 Pikeman
32:10 Iron Casting
33:06 Conscription
33:15 Perfusion
34:30 Crop Rotation
34:05 Perfusion
37:03 Blast Furnace
41:48 Elite Huskarl
70:33 Caravan
82:09 Fervor
82:41 Man-at-Arms
83:22 Padded Archer Armor
83:13 Fletching
83:29 Scale Barding Armor
82:55 Sappers
84:09 Coinage
83:49 Guilds
85:50 Sanctity
86:33 Two-Man Saw
85:23 Town Watch
86:12 Banking
85:39 Crossbowman
86:42 Elite Skirmisher
87:38 Masonry
87:42 Clinker Construction
88:08 Illumination
88:04 Bodkin Arrow
Connection lost

Rejoining the realm…

Still unreachable

The connection could not be restored.

Session expired

The server has moved on; the page needs a fresh start.